 Dungeon Crawl Stone Soup version 0.28.0-47-ge53b351184 (webtiles) character file.

Game seed: 4403719116792200264

16 RatsInWalls the Insei (level 2, 0/14 HPs)
             Began as a Vine Stalker Transmuter on May 8, 2022.
             Succumbed to an adder's poison
             ... on level 2 of the Dungeon.
             The game lasted 00:02:34 (1256 turns).

RatsInWalls the Insei (Vine Stalker Transmuter)     Turns: 1256, Time: 00:02:35

Health: 0/14       AC:  3    Str: 12    XL:     2   Next: 58%
Magic:  2/6        EV: 12    Int: 13    God:
Gold:   55         SH:  0    Dex: 14    Spells: 4/5 levels left

rFire   . . .      SeeInvis .     - Unarmed
rCold   . . .      Faith    .   (no shield)
rNeg    . . .      Spirit   +   a - +0 robe
rPois   .          Reflect  .   (helmet currently unavailable)
rElec   .          Harm     .   (no cloak)
rCorr   .          Rampage  .   j - +0 pair of gloves
Will    .....                   (boots currently unavailable)
Stlth   +.........              (no amulet)
HPRegen 0.04/turn               (no ring)
MPRegen 0.10/turn               (no ring)

@: lethally poisoned (0 -> -7), appendages (expiring)
A: horns 2, talons 2, fangs 2, magic shield, antimagic bite, no potion heal 2
a: End Transformation


You were on level 2 of the Dungeon.
You had temporarily grown beastly horns and talons.
You visited 1 branch of the dungeon, and saw 2 of its levels.

You collected 55 gold pieces.

Inventory:

Missiles
 i - 3 poisoned darts
Armour
 a - a +0 robe (worn)
 g - a +0 pair of boots (melded)
 j - a +0 pair of gloves (worn)
Scrolls
 b - a scroll of vulnerability {unknown}
 d - a scroll of torment {unknown}
 e - a scroll of teleportation {unknown}
Potions
 c - a potion of attraction {unknown}
 f - a potion of heal wounds {unknown}
 h - a potion of cancellation {unknown}


   Skills:
 * Level 1.2 Fighting
 + Level 1.6 Dodging
 + Level 3.4 Unarmed Combat
 + Level 2.4 Spellcasting
 + Level 2.1 Transmutations


You had 4 spell levels left.
You knew the following spells:

 Your Spells              Type           Power      Damage    Failure   Level
a - Beastly Appendage     Tmut           14%        N/A       11%         1

Your spell library contained the following spells:

 Spells                   Type           Power      Damage    Failure   Level
 Wereblood                Tmut           7%         N/A       16%         2
 Spider Form              Tmut/Pois      4%         N/A       43%         3
 Call Canine Familiar     Summ           1%         N/A       58%         3
 Portal Projectile        Hex/Tloc       2%         N/A       58%         3
 Ice Form                 Ice/Tmut       4%         N/A       85%         4
 Leda's Liquefaction      Hex/Erth       0%         N/A       94%         4


Dungeon Overview and Level Annotations

Branches:
Dungeon (2/15)

Altars:


Innate Abilities, Weirdness & Mutations

You have temporarily grown beastly horns and talons.
You have extremely sharp teeth.
When hurt, damage is shared between your health and your magic reserves.
Your bite disrupts and absorbs the magic of your enemies.
Potions cannot restore your health.


Message History

Casting: Beastly Appendage (safe; 11% risk of failure)
Confirm with . or Enter, or press ? or * to list all spells.
You grow a pair of large bovine horns.
Your feet morph into talons.
Your +0 pair of boots melds into your body.
Your transformation is almost over.
The adder barely misses you. The adder misses you.
You hit the adder. Your kick misses the adder. Your bite misses the adder.
The adder is lightly wounded.
The adder bites you.
You hit the adder but do no damage. Your bite misses the adder.
The adder is lightly wounded.
The adder barely misses you.
You hit the adder. Your kick misses the adder.
The adder is heavily wounded.
The adder bites you.
You are poisoned.
The adder poisons you!
You barely miss the adder. Your kick misses the adder.
The adder is heavily wounded.
You feel sick. The adder misses you. The adder bites you.
You are too injured to fight recklessly!
You are too injured to fight recklessly!
You are too injured to fight recklessly!
You are too injured to fight recklessly!
You closely miss the adder. Your kick misses the adder.
You bite the adder, but do no damage.
The adder is heavily wounded.
You feel sick. The adder bites you but does no damage.
Okay, then.
You hit the adder but do no damage. Your kick misses the adder.
Your bite misses the adder.
The adder is heavily wounded.
* * * LOW HITPOINT WARNING * * *
You feel sick. The adder bites you.
* * * LOW HITPOINT WARNING * * *
You are more poisoned.
The adder poisons you!
You closely miss the adder. Your kick misses the adder.
The adder is heavily wounded.
You die...

#########
#.S......
#@###
#...#
###.#
#<#.#
#.#.#
#.#.#
#.#.#
#.#.#
#.#.#


You could see an adder.

Vanquished Creatures
  A dart slug (D:1)
  3 endoplasms (D:1)
  3 giant cockroaches (D:1)
  2 hobgoblins (D:1)
  A bat (D:1)
  A frilled lizard (D:1)
  2 kobolds (D:1)
13 creatures vanquished.

Notes
Turn   | Place    | Note
-------+----------+-------------------------------------------
     0 | D:1      | RatsInWalls the Vine Stalker Transmuter began the quest for
                  | the Orb.
     0 | D:1      | Reached XP level 1. HP: 9/9 MP: 4/4
   107 | D:1      | Reached skill level 1 in Fighting
   354 | D:1      | Reached XP level 2. HP: 14/14 MP: 4/6
  1256 | D:2      | Succumbed to an adder's poison

Illustrated notes

Levels and vault maps discovered:
D:1:      mrwooster_arrival_statue_3, layout_basic
D:2:      layout_basic, basic_altar

Skill      XL: |  1 |
---------------+----+-----
Fighting       | 1 |  1.2
Dodging        | |  1.6
Unarmed Combat | |  3.4
Spellcasting   | |  2.4
Transmutations | |  2.1

Action                   || total
-------------------------++-------
Melee: Unarmed           ||    31
       Headbutt          ||     4
       Bite              ||     5
       Kick              ||     3
       Punch             ||     1
 Cast: Beastly Appendage ||    11
Armor: Robe              ||     9
Dodge: Dodged            ||    13
